 Dungeon Crawl Stone Soup version 0.25.0-3-gd7cc5688da (webtiles) character file.

Game seed: 2518875057463340883

70 Buyout the Conjurer (level 4, -7/33 HPs)
             Began as a Draconian Conjurer on June 15, 2020.
             Killed by divine providence
             ... invoked by an orc priest
              (15 damage)
             ... on level 3 of the Dungeon.
             The game lasted 00:11:40 (2209 turns).

Buyout the Conjurer (Draconian Conjurer)            Turns: 2209, Time: 00:11:42

Health: -7/33      AC:  5    Str: 10    XL:     4   Next: 4%
Magic:  1/8        EV: 12    Int: 17    God:
Gold:   95         SH:  0    Dex: 11    Spells: 5/8 levels left

rFire    . . .     SeeInvis .   k - +1 dagger (venom)
rCold    . . .     Gourm    .   (no shield)
rNeg     . . .     Faith    .   (armour unavailable)
rPois    .         Spirit   .   (helmet restricted)
rElec    .         Reflect  .   (no cloak)
rCorr    .         Harm     .   (no gloves)
MR       .....                  (no boots)
Stlth    ++........             (no amulet)
HPRegen  0.11/turn              (no ring)
MPRegen  0.11/turn              (no ring)

@: very slightly contaminated
A: unfitting armour, cold-blooded, AC +5
a: no special abilities


You were on level 3 of the Dungeon.
You were very hungry.

You visited 1 branch of the dungeon, and saw 3 of its levels.

You collected 95 gold pieces.

Inventory:

Hand Weapons
 d - a +0 hunting sling
 f - a +0 spear
 k - a +1 dagger of venom (weapon)
 p - a +0 hunting sling
Missiles
 c - 56 bolts
 e - 39 arrows
 g - 89 stones (quivered)
Scrolls
 j - a scroll of enchant weapon {unknown}
 l - 2 scrolls of magic mapping {unknown}
 m - a scroll of blinking {unknown}
 o - 2 scrolls of remove curse {unknown}
Comestibles
 b - 7 rations


   Skills:
 + Level 0.2 Fighting
 + Level 0.6 Polearms
 + Level 2.2 Dodging
 + Level 1.9 Stealth
 + Level 0.1 Unarmed Combat
 + Level 2.6 Spellcasting
 + Level 4.7 Conjurations


You had 5 spell levels left.
You knew the following spells:

 Your Spells              Type           Power        Failure   Level  Hunger
a - Magic Dart            Conj           ###.         2%          1    #......
b - Searing Ray           Conj           ###...       3%          2    ##.....

Your spell library contained the following spells:

 Spells                   Type           Power        Failure   Level  Hunger
 Dazzling Flash           Conj/Hex       ##....       21%         3    ###....
 Fulminant Prism          Conj/Hex       ##........   56%         4    #####..
 Iskenderun's Mystic Bla  Conj/Tloc      ##......     56%         4    #####..


Dungeon Overview and Level Annotations

Branches:
Dungeon (3/15)

Altars:
Trog


Innate Abilities, Weirdness & Mutations

Your plain brown scales are hard. (AC +5)
You cannot fit into any form of body armour.
You are cold-blooded and may be slowed by cold attacks.


Message History

The orc hits you from afar with a +0 trident.
* * * LOW HITPOINT WARNING * * *
The orc closely misses you.
The orc priest hits you with a +0 falchion.
* * * LOW HITPOINT WARNING * * *
Found 11 arrows.
The orc priest begins to cast a cantrip, but forgets the words!
Casting: Searing Ray (safe; 3% risk of failure)
Confirm with . or Enter, or press ? or * to list all spells.
Aiming: Searing Ray (safe; 3% risk of failure)
Press: ? - help, Shift-Dir - straight line, f - orc
Aim: an orc, wielding a +0 trident and wearing a +0 robe (heavily wounded)
The searing ray hits the orc!
You kill the orc!
The searing ray hits the orc priest.
The orc priest is moderately wounded. (Press . to maintain the ray.)
The orc priest calls down the wrath of Beogh upon you.
Beogh smites you!
You die...

#....)..##....#
#####.....K.##....#
..........###o.####
##..........o....#
......#)....<.....#
........#.....K...#
.............oo...#
... .....####[#####
.. ....... #@.# ..
. ......#. #..# ..
######.... ..... .#
....#.## ..
.........####. #
...(###....... .#
#.... #......#.#
...## #.....<..#
#............#


You could see an orc priest, 3 orcs and a kobold.

Vanquished Creatures
  An adder (D:2)
  3 dart slugs
  A worm (D:2)
  A leopard gecko (D:3)
  2 orcs (D:3)
  2 giant cockroaches
  4 goblins (D:2)
  6 hobgoblins
  7 jackals (D:1)
  5 kobolds
  A ball python (D:2)
  5 bats
  2 frilled lizards
  6 rats
46 creatures vanquished.

Notes
Turn   | Place    | Note
-------+----------+-------------------------------------------
     0 | D:1      | Buyout the Draconian Conjurer began the quest for the Orb.
     0 | D:1      | Reached XP level 1. HP: 14/14 MP: 3/3
   125 | D:1      | Reached XP level 2. HP: 12/20 MP: 0/5
  1055 | D:2      | Learned a level 2 spell: Searing Ray
  1147 | D:2      | Reached XP level 3. HP: 26/26 MP: 3/6
  1294 | D:2      | Found a bloodstained altar of Trog.
  2197 | D:3      | Reached XP level 4. HP: 33/33 MP: 2/7
  2209 | D:3      | Killed from afar by an orc priest

Illustrated notes

Levels and vault maps discovered:
D:1:      dpeg_arrival_connections, layout_loops_ring, chequers_decorated_corner
D:2:      layout_basic, lightli_temple_of_fire, minmay_domino_4
D:3:      layout_rooms, uniq_jessica

Skill      XL: |  1  2 |
---------------+-------+-----
Dodging        | 2 |  2.2
Fighting       | |  0.2
Polearms       | |  0.6
Stealth        | |  1.9
Unarmed Combat | |  0.1
Spellcasting   | |  2.6
Conjurations   | |  4.7

Action                   |  1- 3 |  4- 6 || total
-------------------------+-------+-------++-------
Melee: Unarmed           |    14 |       ||    14
       Tailslap          |     5 |       ||     5
       Spear             |    21 |       ||    21
       Dagger            |    30 |     1 ||    31
 Fire: Hunting sling     |     4 |       ||     4
Throw: Stone             |     1 |       ||     1
 Cast: Magic Dart        |    72 |       ||    72
       Searing Ray       |     3 |     2 ||     5
  Use: Potion            |     3 |       ||     3
  Eat: Chunk             |     1 |       ||     1
       Ration            |     1 |       ||     1
Armor: Skin              |    26 |       ||    26
Dodge: Dodged            |    59 |     1 ||    60
